Map: 애씨드 플랜트 - 래더

Players

DnS - Winner!

  • Race: Protoss Protoss
  • Spawn Location: 5:00

Rommeo

  • Race: Zerg Zerg
  • Spawn Location: 11:00

Event: WCS Valencia 2018

VOD

Have the link to the VOD?

Description

Time

  • Played on: July 12, 2018, 6:13 a.m.
  • Length: 6:23

All games in this series

Show
View Real Time Build Order
Export as new Build Order

DnS Protoss - Winner!

Build Orders: 1 Gate Expand, Oracle Opening 

Get SALT Encoding   

  12  0:00  Probe  
  13  0:12  Probe  
  14  0:20  Pylon  
  14  0:24  Probe  
  15  0:34  Probe  
  15  0:40  Gateway  
  15  0:42  Probe  
  16  0:47  Assimilator  
  17  0:52  Probe  
  18  1:04  Probe  
  19  1:16  Probe  
  20  1:24  Nexus  
  20  1:34  Cybernetics Core  
  20  1:36  Probe  
  21  1:44  Assimilator  
  21  1:48  Probe  
  21  1:51  Pylon  
  22  2:00  Probe  
  23  2:02  Adept  
  23  2:12  Probe  
  26  2:21  Adept, Stargate  
  26  2:25  Probe  
  29  2:32  Warp Gate  
  29  2:34  Probe  
  29  2:37  Probe  
  29  2:42  Probe  
  31  2:49  Adept, Probe  
  35  2:52  Probe  
  36  3:00  Oracle  
  36  3:01  Probe  
  36  3:04  Probe  
  41  3:13  Probe  
  41  3:19  Probe  
  43  3:26  Probe  
  44  3:27  Gateway, Pylon  
  44  3:31  Probe  
  45  3:38  Probe  
  46  3:44  Oracle  
  46  3:45  Probe  
  50  3:50  Probe  
  51  3:56  Gateway  
  51  3:57  Probe  
  51  4:01  Pylon  
  51  4:02  Probe  
  50  4:10  Probe  
  50  4:12  Oracle  
  50  4:14  Probe  
  50  4:15  Pylon  
  51  4:21  Assimilator  
  51  4:22  Probe  
  51  4:23  Assimilator, Pylon  
  55  4:34  Adept x2  
  59  4:50  Twilight Council  
  59  4:52  Gateway  
  59  4:53  Robotics Facility  
  59  4:54  Gateway  
  59  4:55  Adept x2  
  59  4:56  Gateway, Adept  
  65  5:04  Gateway  
  65  5:17  Adept x3  
  71  5:26  Pylon  
  71  5:37  Adept x3  
  77  5:44  Warp Prism  
  79  5:50  Pylon  
  79  5:51  Pylon  
  79  5:55  Adept x3  
  85  6:05  Pylon  
  85  6:06  Pylon  
  85  6:15  Adept x6  
Show
View Real Time Build Order
Export as new Build Order

Rommeo Zerg 

Build Orders: Hatch First 

Get SALT Encoding   

  12  0:01  Drone  
  13  0:12  Overlord  
  13  0:17  Drone  
  14  0:31  Drone x2  
  14  0:35  Drone  
  17  0:53  Hatchery  
  17  0:56  Drone  
  17  0:59  Drone  
  18  1:11  Extractor  
  18  1:14  Spawning Pool  
  18  1:18  Drone  
  17  1:20  Drone  
  18  1:28  Drone  
  19  1:39  Overlord  
  19  1:53  Drone  
  20  2:01  Queen  
  20  2:02  Zergling x2  
  20  2:05  Queen  
  20  2:06  Zergling x2  
  26  2:12  Drone  
  26  2:13  Metabolic Boost  
  27  2:17  Drone  
  28  2:29  Drone x2  
  30  2:46  Hatchery  
  29  2:53  Drone x4  
  33  3:00  Queen  
  32  3:09  Spine Crawler  
  28  3:26  Queen  
  31  3:29  Overlord  
  27  3:44  Zergling x6  
  27  3:45  Zergling x4  
  29  3:56  Zergling x2  
  29  3:57  Zergling x6  
  26  4:15  Drone x2  
  28  4:30  Drone  
  29  4:43  Drone x2  
  30  5:01  Spore Crawler  
  29  5:12  Drone x2  
  29  5:13  Drone x2  
  32  5:18  Drone  
  33  5:28  Drone  
  33  5:29  Drone  
  27  5:40  Spore Crawler  
  26  5:46  Drone  
  23  6:01  Baneling Nest  
Tags
 
Add a new tag
Caveats
  • Supply blocks, unpowered buildings, or Contaminate may cause inaccurate times.
  • Supply counts are checked every 10 seconds.